 Dungeon Crawl Stone Soup version 0.27-a0-1196-g3e9cee4cb2 (webtiles) character file.

Game seed: 18235980783035943350

162 bande the Covered (level 5, 0/33 HPs)
             Began as a Gargoyle Fighter on May 30, 2021.
             Slain by an iguana (6 damage)
             ... on level 4 of the Dungeon.
             The game lasted 00:05:55 (3472 turns).

bande the Covered (Gargoyle Fighter)                Turns: 3472, Time: 00:05:55

Health: 0/33       AC: 13    Str: 19    XL:     5   Next: 43%
Magic:  5/5        EV:  3    Int:  9    God:
Gold:   127        SH: 13    Dex: 10    Spells: 4/4 levels left

rFire    . . .     SeeInvis .   a - +1 war axe
rCold    . . .     Faith    .   i - +0 tower shield
rNeg     + . .     Spirit   .   e - +0 chain mail
rPois    ∞         Reflect  .   (no helmet)
rElec    +         Harm     .   (no cloak)
rCorr    .         Rampage  .   (no gloves)
Will     +....                  (no boots)
Stlth    ..........             (no amulet)
HPRegen  0.11/turn              b - ring of willpower
MPRegen  0.09/turn              (no ring)

@: no status effects
A: sickness immunity, AC +4, negative energy resistance 1, electricity
resistance, torment resistance 1, petrification resistance
a: no special abilities


You were on level 4 of the Dungeon.
You visited 1 branch of the dungeon, and saw 4 of its levels.

You collected 127 gold pieces.

Inventory:

Hand Weapons
 a - a +1 war axe (weapon)
 l - a +0 morningstar
Missiles
 c - 4 atropa-tipped darts (quivered)
Armour
 e - a +0 chain mail (worn)
 i - a +0 tower shield (worn)
Jewellery
 b - a ring of willpower (left hand)
Wands
 g - a wand of acid (11)
Scrolls
 f - 2 scrolls of identify
 h - a scroll of blinking
Potions
 d - a potion of might
 j - 3 potions of curing
 k - a potion of haste


   Skills:
 + Level 4.0 Fighting
 + Level 3.3 Axes
 + Level 4.1 Armour
 + Level 0.4 Dodging
 + Level 3.9 Shields
 * Level 0.7 Evocations


You had 4 spell levels left.
You didn't know any spells.
Your spell library contained the following spells:

 Spells                   Type           Power      Damage    Failure   Level
 Magic Dart               Conj           0%         1d3       100%        1
 Searing Ray              Conj           0%         3d3       100%        2
 Dazzling Flash           Conj/Hex       0%         N/A       100%        3
 Fulminant Prism          Conj/Hex       0%         3d6       100%        4
 Iskenderun's Mystic Bla  Conj/Tloc      0%         2d3       100%        4


Dungeon Overview and Level Annotations

Branches:
Dungeon (4/15)
 Temple: D:4-7

Altars:
Dithmenos

Shops:
D:4 *


Innate Abilities, Weirdness & Mutations

You are immune to sickness and miasma.
Your stone body is resilient. (AC +4)
You are immune to poison.
You resist negative energy. (rN+)
You are resistant to electric shocks. (rElec)
You are resistant to unholy torment.
You are immune to petrification.


Message History

You hit the scorpion but do no damage.
The scorpion is almost dead.
You block the scorpion's attack.
The scorpion stings you but does no damage. x2
You slash the scorpion!
You kill the scorpion!
Your Armour skill increases to level 4!
You have reached level 5!
There is a stone staircase leading up here.
You start resting.
HP restored.
Found Muikhluape's Assorted Antiques.
No target in view!
An iguana comes into view.
The iguana hisses angrily.
Your shield and chain mail prevent you from hitting the iguana.
The iguana bites you. You block the iguana's attack.
A hobgoblin comes into view.
The hobgoblin shouts!
You hit the iguana.
The iguana is moderately wounded.
You block the iguana's attack. x2
You barely miss the iguana.
The iguana is moderately wounded.
You block the iguana's attack. The iguana barely misses you.
You hit the iguana but do no damage.
The iguana is moderately wounded.
The iguana bites you!
You slash the iguana!
The iguana is almost dead.
You block the iguana's attack. x2
You closely miss the iguana.
The iguana is almost dead.
You block the iguana's attack. The iguana bites you.
You closely miss the iguana.
The iguana is almost dead.
The iguana bites you!
* * * LOW HITPOINT WARNING * * *
The iguana bites you.
You die...

## ##. .. .. # ##
###. #§.§..#
..g##§§....§
#l#.§§....§§#.
#.@........§..
.#####..)..._......
...∩.............§
.##.##.#§§§...§§§ #
#.##§§§§§§§# ##
##§§.§§# ##§..##
#....# #.####


You could see an iguana and a hobgoblin.

Vanquished Creatures
  A scorpion (D:4)
  2 adders (D:2)
  A worm (D:2)
  3 dart slugs
  6 ball pythons
  11 endoplasms
  4 giant cockroaches
  3 goblins
  5 hobgoblins
  7 jackals (D:2)
  3 quokkas
  6 bats
  3 frilled lizards
  4 kobolds
  6 rats
65 creatures vanquished.

Notes
Turn   | Place    | Note
-------+----------+-------------------------------------------
     0 | D:1      | bande the Gargoyle Fighter began the quest for the Orb.
     0 | D:1      | Reached XP level 1. HP: 14/14 MP: 1/1
   415 | D:1      | Reached XP level 2. HP: 8/19 MP: 2/2
  1119 | D:1      | Reached XP level 3. HP: 24/24 MP: 3/3
  1640 | D:2      | Reached XP level 4. HP: 29/29 MP: 4/4
  3332 | D:4      | Found a shadowy altar of Dithmenos.
  3334 | D:4      | Noticed a scorpion
  3346 | D:4      | Killed a scorpion
  3347 | D:4      | Reached XP level 5. HP: 21/33 MP: 5/5
  3461 | D:4      | Found Muikhluape's Assorted Antiques.
  3472 | D:4      | Slain by an iguana

Illustrated notes

Levels and vault maps discovered:
D:1:      matt_arrival_refuge, layout_loops_ring, minmay_split_cup_large
D:2:      layout_loops_ring, corexii_hall_statues_s, minmay_increasing_density
D:3:      layout_basic
D:4:      layout_loops_ring, nicolae_dithmenos_the_darkroom, temple_statues,
          serial_shops, nicolae_shop_trees, nicolae_shop_window_shopping, shop,
          shop_fountains

Skill      XL: |  1  2  3  4 |
---------------+-------------+-----
Axes           | 2 3 |  3.3
Fighting       | 4 |  4.0
Armour         | 4 |  4.1
Dodging        | |  0.4
Shields        | |  3.9
Evocations     | |  0.7

Action                   |  1- 3 |  4- 6 || total
-------------------------+-------+-------++-------
Melee: War axe           |   101 |    80 ||   181
  Use: Scroll            |       |     7 ||     7
Armor: Scale mail        |    11 |       ||    11
       Chain mail        |    53 |    56 ||   109
Dodge: Dodged            |    21 |    10 ||    31
Block: Kite shield       |    53 |       ||    53
       Tower shield      |       |    77 ||    77

Table legend: (Time is in decaauts)
 A = Elapsed time spent in this place.
 B = Non-inter-level travel time spent in this place.
 C = Inter-level travel time spent in this place.
 D = Time resting spent in this place.
 E = Time spent auto-exploring this place.
 F = Levels seen in this place.
 G = Mean time per level.
                   A        B        C        D        E       F      G
               +--------+--------+--------+--------+--------+-----+--------+
         Total |   3596 |   3596 |      0 |    670 |   2334 |   4 |  899.0 |
       Dungeon |   3596 |   3596 |      0 |    670 |   2334 |   4 |  899.0 |
               +--------+--------+--------+--------+--------+-----+--------+

Top non-repeatable levels by time:
     D:1: 1508 daAuts
     D:2: 1065 daAuts
     D:3: 864 daAuts
     D:4: 158 daAuts
